 Dungeon Crawl Stone Soup version 0.26-a0-651-gb41185065b (webtiles) character file.

Game seed: 1594028593129725142

30 ardl the Grave Robber (level 3, 19/19 HPs)
             Began as a Deep Elf Necromancer on Sept 28, 2020.
             Quit the game on level 2 of the Dungeon.
             The game lasted 00:02:35 (1208 turns).

ardl the Grave Robber (Deep Elf Necromancer)        Turns: 1208, Time: 00:02:35

Health: 19/19      AC:  2    Str:  5    XL:     3   Next: 3%
Magic:  10/10      EV: 13    Int: 20    God:
Gold:   84         SH:  0    Dex: 15    Spells: 8/9 levels left

rFire    . . .     SeeInvis .   b - +2 whip (elec)
rCold    . . .     Faith    .   (no shield)
rNeg     . . .     Spirit   .   a - +0 robe
rPois    .         Reflect  .   (no helmet)
rElec    .         Harm     .   (no cloak)
rCorr    .         Rampage  .   (no gloves)
MR       .....                  (no boots)
Stlth    ++........             (no amulet)
HPRegen  0.06/turn              (no ring)
MPRegen  0.12/turn              (no ring)

@: no status effects
A: no striking features
a: no special abilities


You were on level 2 of the Dungeon.
You visited 1 branch of the dungeon, and saw 2 of its levels.

You collected 84 gold pieces.

Inventory:

Hand Weapons
 b - a +2 whip of electrocution (weapon)
Missiles
 e - a throwing net (quivered)
Armour
 a - a +0 robe (worn)
Scrolls
 c - a scroll of random uselessness {unknown}
 f - 3 scrolls of magic mapping {unknown}
 g - 2 scrolls of teleportation {unknown}
 h - a scroll of fear {unknown}
 k - a scroll of identify {unknown}
Potions
 d - a potion of curing {unknown}
 i - a potion of cancellation {unknown}
 j - a potion of haste {unknown}


   Skills:
 - Level 2.4 Dodging
 - Level 2.4 Stealth
 + Level 3.7 Spellcasting
 * Level 5.6 Necromancy


You had 8 spell levels left.
You knew the following spells:

 Your Spells              Type           Power        Failure   Level
a - Pain                  Necr           ####         1%          1

Your spell library contained the following spells:

 Spells                   Type           Power        Failure   Level
 Animate Skeleton         Necr           ####..       1%          1
 Vampiric Draining        Necr           ####......   3%          3
 Animate Dead             Necr           ####......   13%         4
 Agony                    Necr           ####....     34%         5


Dungeon Overview and Level Annotations

Branches:
Dungeon (2/15)

Altars:


Message History

The adder barely misses you.
You take 1 damage, and have 11/15 hp.
You now have 4/8 mp.
Aim: an adder (almost dead, chance to defeat MR: 88%)
The adder writhes in agony!
You kill the adder!
You have reached level 3!
Your experience leads to an increase in your attributes!
Increase (s)trength, (i)ntelligence, or (d)exterity?
You feel clever.
You regained 2 hp, and now have 13/19 hp.
You now have 3/10 mp.
Aim: a kobold, wielding a +0 dagger (chance to defeat MR: 93%)
The kobold writhes in agony.
You kill the kobold!
You take 1 damage, and have 12/19 hp.
You now have 2/10 mp.
You can't see any susceptible monsters within range! (Use Z to cast anyway.)
You start resting.
Health restored: 19; MP restored: 10
Found a stone staircase leading up.
Okay, then.

# .# ### #####.###.
# #.. $........ ###
#.##.######......<#
..#
#..>..)....@.)....#
#.#
####.#####........#
#.# #.# ##$......#
#.#######.#
#.......#
#.........#
#.......#
###########
#########


There were no monsters in sight!

Vanquished Creatures
  An adder (D:2)
  2 leopard geckos (D:1)
  2 giant cockroaches (D:2)
  2 goblins (D:1)
  3 hobgoblins (D:1)
  A bat (D:2)
  2 frilled lizards (D:1)
  3 kobolds
  A rat (D:2)
17 creatures vanquished.

Notes
Turn   | Place    | Note
-------+----------+-------------------------------------------
     0 | D:1      | ardl the Deep Elf Necromancer began the quest for the Orb.
     0 | D:1      | Reached XP level 1. HP: 10/10 MP: 6/6
   102 | D:1      | Reached skill level 5 in Necromancy
   474 | D:1      | Reached XP level 2. HP: 15/15 MP: 6/8
  1097 | D:2      | Reached XP level 3. HP: 14/19 MP: 3/10
  1208 | D:2      | Quit the game

Illustrated notes

Levels and vault maps discovered:
D:1:      nicolae_arrival_memento_mori, layout_basic
D:2:      layout_loops_ring, led_sif_pool

Skill      XL: |  1 |
---------------+----+-----
Necromancy     | 5 |  5.6
Dodging        | |  2.4
Stealth        | |  2.4
Spellcasting   | |  3.7

Action                   || total
-------------------------++-------
 Cast: Pain              ||    30
Dodge: Dodged            ||     2

Table legend: (Time is in decaauts)
 A = Elapsed time spent in this place.
 B = Non-inter-level travel time spent in this place.
 C = Inter-level travel time spent in this place.
 D = Time resting spent in this place.
 E = Time spent auto-exploring this place.
 F = Levels seen in this place.
 G = Mean time per level.
                   A        B        C        D        E       F      G
               +--------+--------+--------+--------+--------+-----+--------+
         Total |   1207 |   1181 |     26 |    577 |    503 |   2 |  603.5 |
       Dungeon |   1207 |   1181 |     26 |    577 |    503 |   2 |  603.5 |
               +--------+--------+--------+--------+--------+-----+--------+

Top non-repeatable levels by time:
     D:1: 846 daAuts
     D:2: 360 daAuts
